TOP OF THE 1ST |
Irvine Gang Green batting - Pitching for Baffin Island Beavers : LHP Jaime Guzmán
|
Pitching: LHP Jaime Guzmán
|
|
Batting: RHB Tom Doherty
|
0-0: Ball 1-0: Ball 2-0: Ball 3-0: Base on Balls
|
Batting: LHB Jesús Campos
|
0-0: Swinging Strike 0-1: Called Strike 0-2: Ball 1-2: Ball 2-2: Ball 3-2: Foul Ball, location: 2F 3-2: Fly out, F8 (Line Drive, 89M)
|
Batting: RHB José Salazar
|
0-0: Ball 1-0: Called Strike 1-1: Foul Ball, location: 2F 1-2: Ball 2-2: Ball 3-2: Foul Ball, location: 2F 3-2: Foul Ball, location: 2F 3-2: SINGLE (Groundball, 6MD) Tom Doherty to second
|
Batting: RHB Buck Jones
|
0-0: Ball 1-0: Ball 2-0: Ball 3-0: Called Strike 3-1: Base on Balls Tom Doherty to third José Salazar to second
|
Batting: RHB Manny Copriviza
|
0-0: Called Strike 0-1: Ball 1-1: Ball 2-1: Swinging Strike 2-2: Foul Ball, location: 2F 2-2: Fly out, F7 (Line Drive, 7D) Runner from 3rd tags up, SCORES, throw made
|
Batting: LHB Jorge Martínez
|
0-0: Ball 1-0: Swinging Strike 1-1: Foul Ball, location: 2F 1-2: Ball 2-2: Foul Ball, location: 2F 2-2: Foul Ball, location: 2F 2-2: Foul Ball, location: 2F 2-2: Ball 3-2: Ground out 6-3 (Groundball, 6)
|
Top of the 1st over - 1 run(s), 1 hit(s), 0 error(s), 2 left on base; Irvine 1 - Baffin Island 0 |
BOTTOM OF THE 1ST |
Baffin Island Beavers batting - Pitching for Irvine Gang Green : RHP Jung Chwa
|
Pitching: RHP Jung Chwa
|
|
Batting: LHB Chris Bates
|
0-0: Ball 1-0: Called Strike 1-1: Fly out, F8 (Line Drive, 8LM)
|
Batting: LHB Norberto Muñóz
|
0-0: Called Strike 0-1: Swinging Strike 0-2: Ball 1-2: Ball 2-2: Strikes out swinging
|
Batting: LHB Mario García
|
0-0: Called Strike 0-1: Foul Ball, location: 2F 0-2: DOUBLE (Line Drive, 9LM)
|
Batting: LHB Lorenzo Villa
|
0-0: Ball 1-0: Ball 2-0: Foul Ball, location: 2F 2-1: DOUBLE (Flyball, 7D) Mario García scores
|
Batting: RHB Dave Craig
|
0-0: Foul Ball, location: 2F 0-1: Ball 1-1: Swinging Strike 1-2: Ground out 5-3 (Groundball, 56S)
|
Bottom of the 1st over - 1 run(s), 2 hit(s), 0 error(s), 1 left on base; Irvine 1 - Baffin Island 1 |
TOP OF THE 2ND |
Irvine Gang Green batting - Pitching for Baffin Island Beavers : LHP Jaime Guzmán
|
Batting: LHB Víctor Quiñones
|
0-0: Foul Ball, location: 2F 0-1: Ball 1-1: Ball 2-1: Foul Ball, location: 2F 2-2: Foul Ball, location: 2F 2-2: Ball 3-2: Fly out, F9 (Flyball, 9)
|
Batting: RHB Eichiro Yamamoto
|
0-0: Called Strike 0-1: Swinging Strike 0-2: Fly out, F9 (Flyball, 9LM)
|
Batting: RHB Aaron Wilson
|
0-0: Ball 1-0: Ball 2-0: Foul Ball, location: 2F 2-1: Ball 3-1: Fly out, F9 (Line Drive, 9)
|
Top of the 2nd over - 0 run(s), 0 hit(s), 0 error(s), 0 left on base; Irvine 1 - Baffin Island 1 |
BOTTOM OF THE 2ND |
Baffin Island Beavers batting - Pitching for Irvine Gang Green : RHP Jung Chwa
|
Batting: SHB Alonso Ferreira
|
0-0: Ball 1-0: Ground out U3 (Groundball, 34)
|
Batting: RHB Raúl Soto
|
0-0: Ball 1-0: Called Strike 1-1: SINGLE (Line Drive, 7S)
|
Batting: LHB Mike MacFadden
|
0-0: Ball 1-0: Ball 2-0: Grounds into double play, 4-6-3 (Groundball, 34)
|
Bottom of the 2nd over - 0 run(s), 1 hit(s), 0 error(s), 0 left on base; Irvine 1 - Baffin Island 1 |
TOP OF THE 3RD |
Irvine Gang Green batting - Pitching for Baffin Island Beavers : LHP Jaime Guzmán
|
Batting: RHB Tom Doherty
|
0-0: Ball 1-0: Ball 2-0: Fly out, F4 (Flyball, 34D)
|
Batting: LHB Jesús Campos
|
0-0: Fly out, F7 (Flyball, 7LSF)
|
Batting: RHB José Salazar
|
0-0: Ball 1-0: Swinging Strike 1-1: Foul Ball, location: 2F 1-2: Fly out, F7 (Line Drive, 78S)
|
Top of the 3rd over - 0 run(s), 0 hit(s), 0 error(s), 0 left on base; Irvine 1 - Baffin Island 1 |
BOTTOM OF THE 3RD |
Baffin Island Beavers batting - Pitching for Irvine Gang Green : RHP Jung Chwa
|
Batting: LHB Keng-chi Lao
|
0-0: Called Strike 0-1: Ball 1-1: Ball 2-1: Ground out 4-3 (Groundball, 4)
|
Batting: LHB Chris Bates
|
0-0: SINGLE (Groundball, 6) (infield hit)
|
Batting: LHB Norberto Muñóz
|
0-0: Called Strike 0-1: Called Strike Chris Bates steals 2nd base 0-2: Ball 1-2: Ball 2-2: Ball 3-2: Fly out, F8 (Flyball, 8RM)
|
Batting: LHB Mario García
|
0-0: Ball 1-0: Swinging Strike 1-1: Ball 2-1: Swinging Strike 2-2: Ball 3-2: Base on Balls
|
Batting: LHB Lorenzo Villa
|
0-0: Called Strike 0-1: Foul Ball, location: 2F 0-2: Ball 1-2: Fly out, F6 (Line Drive, 56D)
|
Bottom of the 3rd over - 0 run(s), 1 hit(s), 0 error(s), 2 left on base; Irvine 1 - Baffin Island 1 |
TOP OF THE 4TH |
Irvine Gang Green batting - Pitching for Baffin Island Beavers : LHP Jaime Guzmán
|
Batting: RHB Buck Jones
|
0-0: Ball 1-0: Ball 2-0: SOLO HOME RUN (Flyball, 7D), Distance : 418 ft
|
Batting: RHB Manny Copriviza
|
0-0: Called Strike 0-1: Ball 1-1: DOUBLE (Line Drive, 9LD)
|
Batting: LHB Jorge Martínez
|
0-0: Swinging Strike 0-1: Ball 1-1: Foul Ball, location: 2F 1-2: Ball 2-2: Foul Ball, location: 2F 2-2: SINGLE (Groundball, 56D) Manny Copriviza to third
|
Batting: LHB Víctor Quiñones
|
0-0: Ball 1-0: Foul Ball, location: 2F 1-1: Ball 2-1: Swinging Strike 2-2: Foul Ball, location: 2F 2-2: Strikes out swinging
|
Batting: RHB Eichiro Yamamoto
|
0-0: Ball 1-0: SINGLE (Flyball, 9S) Manny Copriviza scores Jorge Martínez to second Runner from 2nd tries for 3rd, SAFE, throw made to third
|
Pinch Runner at 3rd José Sánchez:
|
|
Batting: RHB Aaron Wilson
|
0-0: Ball 1-0: Ball 2-0: Called Strike 2-1: Grounds into double play, 5-4-3 (Groundball, 5L)
|
Top of the 4th over - 2 run(s), 4 hit(s), 0 error(s), 1 left on base; Irvine 3 - Baffin Island 1 |
BOTTOM OF THE 4TH |
Baffin Island Beavers batting - Pitching for Irvine Gang Green : RHP Jung Chwa
|
Now at 2B: José Sánchez
|
|
Batting: RHB Dave Craig
|
0-0: Foul Ball, location: 2F 0-1: Foul Ball, location: 2F 0-2: Foul Ball, location: 2F 0-2: Ground out 6-3 (Groundball, 6S)
|
Batting: SHB Alonso Ferreira
|
0-0: Ball 1-0: Foul Ball, location: 2F 1-1: Ball 2-1: Ball 3-1: Foul Ball, location: 2F 3-2: Ground out 5-3 (Groundball, 56)
|
Batting: RHB Raúl Soto
|
0-0: Swinging Strike 0-1: Ball 1-1: Fly out, F6 (Line Drive, 6M)
|
Bottom of the 4th over - 0 run(s), 0 hit(s), 0 error(s), 0 left on base; Irvine 3 - Baffin Island 1 |
TOP OF THE 5TH |
Irvine Gang Green batting - Pitching for Baffin Island Beavers : LHP Jaime Guzmán
|
Pitching: RHP Felipe Reyes
|
|
Batting: RHB Tom Doherty
|
0-0: Swinging Strike 0-1: Ground out 5-3 (Groundball, 56)
|
Batting: LHB Jesús Campos
|
0-0: Called Strike 0-1: Called Strike 0-2: Ball 1-2: Ball 2-2: Fly out, F8 (Flyball, 8RD)
|
Batting: RHB José Salazar
|
0-0: Ball 1-0: Ground out 6-3 (Groundball, 6M)
|
Top of the 5th over - 0 run(s), 0 hit(s), 0 error(s), 0 left on base; Irvine 3 - Baffin Island 1 |
BOTTOM OF THE 5TH |
Baffin Island Beavers batting - Pitching for Irvine Gang Green : RHP Jung Chwa
|
Batting: LHB Mike MacFadden
|
0-0: Ball 1-0: Ball 2-0: SINGLE (Groundball, 34D)
|
Batting: LHB Keng-chi Lao
|
0-0: SINGLE (Groundball, 34D) Mike MacFadden to second Runner from 2nd tries for 3rd, SAFE, throw made to third
|
Batting: LHB Chris Bates
|
0-0: Called Strike 0-1: Ball 1-1: Fly out, F8 (Flyball, 8LD) Runner from 3rd tags up, SCORES, no throw
|
Batting: LHB Norberto Muñóz
|
0-0: Ball 1-0: Swinging Strike 1-1: Ball 2-1: Grounds into double play, 4-6-3 (Groundball, 4)
|
Bottom of the 5th over - 1 run(s), 2 hit(s), 0 error(s), 0 left on base; Irvine 3 - Baffin Island 2 |
TOP OF THE 6TH |
Irvine Gang Green batting - Pitching for Baffin Island Beavers : RHP Felipe Reyes
|
Batting: RHB Buck Jones
|
0-0: Called Strike 0-1: Ball 1-1: Ball 2-1: Swinging Strike 2-2: Fly out, F8 (Line Drive, 8LD)
|
Batting: RHB Manny Copriviza
|
0-0: Called Strike 0-1: Foul Ball, location: 2F 0-2: Ball 1-2: Ball 2-2: Foul Ball, location: 2F 2-2: Strikes out looking
|
Batting: LHB José Sánchez
|
0-0: Swinging Strike 0-1: Ball 1-1: Swinging Strike 1-2: SINGLE (Groundball, 4D)
|
Pitching: RHP Luis Féliz
|
|
Batting: LHB Víctor Quiñones
|
0-0: Ball 1-0: Ball 2-0: Ball 3-0: Base on Balls José Sánchez to second
|
Batting: RHB Eichiro Yamamoto
|
0-0: Called Strike 0-1: Ball 1-1: Ball 2-1: SINGLE (Line Drive, 34) José Sánchez to third Víctor Quiñones to second Runner from 3rd tries for Home, SAFE, no throw
|
Batting: RHB Aaron Wilson
|
0-0: Ball 1-0: Called Strike 1-1: Foul Ball, location: 2F 1-2: Foul Ball, location: 2F 1-2: Foul Ball, location: 2F 1-2: Strikes out looking
|
Top of the 6th over - 1 run(s), 2 hit(s), 0 error(s), 2 left on base; Irvine 4 - Baffin Island 2 |
BOTTOM OF THE 6TH |
Baffin Island Beavers batting - Pitching for Irvine Gang Green : RHP Jung Chwa
|
Batting: LHB Mario García
|
0-0: Ball 1-0: Ball 2-0: Called Strike 2-1: SINGLE (Groundball, 6) (infield hit)
|
Batting: LHB Lorenzo Villa
|
0-0: Foul Ball, location: 2F 0-1: Ball 1-1: Foul Ball, location: 2F 1-2: Foul Ball, location: 2F 1-2: Ball 2-2: Fly out, F7 (Flyball, 78M)
|
Batting: RHB Dave Craig
|
0-0: Foul Ball, location: 2F 0-1: Ball 1-1: Foul Ball, location: 2F 1-2: Ball 2-2: Fly out, F8 (Flyball, 8LXD)
|
Batting: SHB Alonso Ferreira
|
0-0: Fly out, F8 (Line Drive, 8RM)
|
Bottom of the 6th over - 0 run(s), 1 hit(s), 0 error(s), 1 left on base; Irvine 4 - Baffin Island 2 |
TOP OF THE 7TH |
Irvine Gang Green batting - Pitching for Baffin Island Beavers : RHP Luis Féliz
|
Batting: RHB Tom Doherty
|
0-0: Ball 1-0: Ball 2-0: Called Strike 2-1: SINGLE (Groundball, 6MD)
|
Batting: LHB Jesús Campos
|
0-0: Ball Wild Pitch! Tom Doherty to second 1-0: Intentional Walk
|
Batting: RHB José Salazar
|
0-0: Ball 1-0: Called Strike 1-1: Called Strike 1-2: Strikes out swinging
|
Batting: RHB Buck Jones
|
0-0: Ball 1-0: Swinging Strike 1-1: Ball 2-1: Swinging Strike 2-2: Strikes out swinging
|
Batting: RHB Manny Copriviza
|
0-0: Ball 1-0: Ball 2-0: Ball 3-0: Called Strike 3-1: Swinging Strike 3-2: Fly out, F8 (Flyball, 78XD)
|
Top of the 7th over - 0 run(s), 1 hit(s), 0 error(s), 2 left on base; Irvine 4 - Baffin Island 2 |
BOTTOM OF THE 7TH |
Baffin Island Beavers batting - Pitching for Irvine Gang Green : RHP Jung Chwa
|
Batting: RHB Raúl Soto
|
0-0: Fly out, F8 (Flyball, 8LM)
|
Batting: LHB Mike MacFadden
|
0-0: Foul Ball, location: 2F 0-1: Called Strike 0-2: Ball 1-2: Strikes out swinging
|
Batting: LHB Keng-chi Lao
|
0-0: Called Strike 0-1: Ball 1-1: Ground out U3 (Groundball, 34)
|
Bottom of the 7th over - 0 run(s), 0 hit(s), 0 error(s), 0 left on base; Irvine 4 - Baffin Island 2 |
TOP OF THE 8TH |
Irvine Gang Green batting - Pitching for Baffin Island Beavers : RHP Luis Féliz
|
Batting: LHB José Sánchez
|
0-0: Foul Ball, location: 2F 0-1: Foul Ball, location: 2F 0-2: Ball 1-2: Ball 2-2: Strikes out swinging
|
Batting: LHB Víctor Quiñones
|
0-0: Foul Ball, location: 2F 0-1: Fly out, F9 (Line Drive, 9)
|
Batting: RHB Eichiro Yamamoto
|
0-0: Ball 1-0: Foul Ball, location: 2F 1-1: Ball 2-1: Foul Ball, location: 2F 2-2: Ground out 6-3 (Groundball, 6)
|
Top of the 8th over - 0 run(s), 0 hit(s), 0 error(s), 0 left on base; Irvine 4 - Baffin Island 2 |
BOTTOM OF THE 8TH |
Baffin Island Beavers batting - Pitching for Irvine Gang Green : RHP Jung Chwa
|
Pitching: RHP Mike Fisher
|
|
Batting: LHB Chris Bates
|
0-0: Ball 1-0: SINGLE (Groundball, 56D)
|
Pitching: LHP Yu-shu Kong
|
|
Batting: LHB Norberto Muñóz
|
0-0: Called Strike 0-1: Ball 1-1: Ball 2-1: Fly out, F6 (Popup, 56)
|
Batting: LHB Mario García
|
0-0: Ball 1-0: Foul Ball, location: 2F 1-1: Ball 2-1: Called Strike 2-2: Foul Ball, location: 2F 2-2: Foul Ball, location: 2F 2-2: SINGLE (Groundball, 25) (infield hit) Chris Bates to second
|
Pitching: RHP Kuang-yin Yue
|
|
Batting: LHB Lorenzo Villa
|
0-0: Foul Ball, location: 2F 0-1: Ball 1-1: Ball 2-1: Fly out, F8 (Flyball, 8LM)
|
Batting: RHB Dave Craig
|
0-0: Called Strike 0-1: Fielders Choice at 2nd, 5-4 (Groundball, 56)
|
Bottom of the 8th over - 0 run(s), 2 hit(s), 0 error(s), 1 left on base; Irvine 4 - Baffin Island 2 |
TOP OF THE 9TH |
Irvine Gang Green batting - Pitching for Baffin Island Beavers : RHP Luis Féliz
|
Pitching: LHP Cecil Bonekamp
|
|
Batting: RHB Aaron Wilson
|
0-0: Called Strike 0-1: Fly out, F8 (Flyball, 8LS)
|
Batting: RHB Tom Doherty
|
0-0: Ball 1-0: Called Strike 1-1: Ball 2-1: Foul Ball, location: 2F 2-2: Foul Ball, location: 2F 2-2: Ball 3-2: Foul Ball, location: 2F 3-2: Base on Balls
|
Batting: LHB Jesús Campos
|
0-0: Ball 1-0: Ball 2-0: Foul Ball, location: 2F 2-1: Fly out, F9 (Flyball, 9LM)
|
Batting: RHB José Salazar
|
0-0: Ball 1-0: Foul Ball, location: 2F 1-1: Foul Ball, location: 2F 1-2: SINGLE (Groundball, 6MD) Tom Doherty to second
|
Batting: RHB Buck Jones
|
0-0: Called Strike 0-1: Foul Ball, location: 2F 0-2: Ball 1-2: Strikes out looking
|
Top of the 9th over - 0 run(s), 1 hit(s), 0 error(s), 2 left on base; Irvine 4 - Baffin Island 2 |
BOTTOM OF THE 9TH |
Baffin Island Beavers batting - Pitching for Irvine Gang Green : RHP Kuang-yin Yue
|
Now in LF: Tony Tavárez
|
|
Batting: SHB Alonso Ferreira
|
0-0: Ball 1-0: Foul Ball, location: 2F 1-1: Fly out, F8 (Flyball, 8LM)
|
Batting: RHB Raúl Soto
|
0-0: Fly out, F8 (Flyball, 8LS)
|
Batting: LHB Mike MacFadden
|
0-0: Ball 1-0: Ball 2-0: Called Strike 2-1: Ball 3-1: Base on Balls
|
Pinch Runner at 1st Javier Orozco:
|
|
Batting: LHB Keng-chi Lao
|
0-0: Called Strike 0-1: Swinging Strike 0-2: Ball 1-2: Fielders Choice at 2nd, 4-6 (Groundball, 4)
|
Bottom of the 9th over - 0 run(s), 0 hit(s), 0 error(s), 0 left on base; Irvine 4 - Baffin Island 2 |
|